 Dungeon Crawl Stone Soup version 0.30-a0-800-g7c544603b3 (webtiles) character file.

Game seed: 12086884605762781657

23958 jlumianski the Blocker (level 12, -2/97 HPs)
             Began as a Demonspawn Fighter on Feb 21, 2023.
             Was a Priest of Qazlal.
             Slain by a redback (10 damage)
             ... in a Gauntlet.
             The game lasted 01:17:54 (14285 turns).

jlumianski the Blocker (Demonspawn Fighter)        Turns: 14285, Time: 01:17:55

Health: -2/97      AC: 22    Str: 38    XL:     12   Next: 76%
Magic:  6/6        EV: 11    Int:  9    God:    Qazlal [***...]
Gold:   832        SH: 13    Dex: 13    Spells: 11/11 levels left

rFire   + . .      SeeInvis .    U - +7 broad axe "Daluko" {antimagic, rF+ Str+4 Stlth+}
rCold   . . .      Faith    .    F - +2 buckler {reflect}
rNeg    . . .      Spirit   .    D - +0 plate armour
rPois   .          Reflect  +    J - +2 helmet
rElec   .          Harm     .    A - +0 cloak
rCorr   .          Rampage  .    N - +0 pair of gloves
Will    .....      NoTele   +    m - +2 pair of boots Stlth
                                 (no amulet)
HPRegen 0.36/turn                c - +6 ring of strength
MPRegen 0.10/turn                X - +6 ring of strength

@: lethally poisoned (-2 -> -53), studying 2 skills
A: claws 2, repulsion field 1, ignite blood 2, demonic magic 1
a: Renounce Religion, Upheaval, Elemental Force


You were in a Gauntlet.
You worshipped Qazlal.
Qazlal was most pleased with you.
You visited 2 branches of the dungeon, and saw 15 of its levels.
You also visited: Sewer and Gauntlet.

You collected 832 gold pieces.

Inventory:

Hand Weapons
 Q - a +2 trident of freezing
 U - the +7 broad axe "Daluko" (weapon) {antimagic, rF+ Str+4 Stlth+}
   (You acquired it on level 9 of the Dungeon)

   Str:       It affects your strength (+4).
   rF:        It protects you from fire.
   Stlth:     It makes you more stealthy.
Missiles
 n - 5 poisoned darts (quivered)
 r - 8 javelins
 z - 4 boomerangs
 E - 4 atropa-tipped darts
 S - 4 curare-tipped darts
Armour
 m - a +2 pair of boots (worn)
 A - a +0 cloak (worn)
 D - a +0 plate armour (worn)
 F - a +2 buckler of reflection (worn)
 J - a +2 helmet (worn)
 N - a +0 pair of gloves (worn)
Jewellery
 a - the ring of the Garden {rElec rPois rCorr SInv Stlth-}
   (You found it on level 10 of the Dungeon)

   [ring of poison resistance]

   rElec:     It insulates you from electricity.
   rPois:     It protects you from poison.
   SInv:      It lets you see invisible.
   rCorr:     It protects you from acid and corrosion.
   Stlth:     It makes you less stealthy.
 c - a +6 ring of strength (left hand)
 X - a +6 ring of strength (right hand)
Wands
 y - a wand of acid (1)
 B - a wand of iceblast (17)
 G - a wand of flame (47)
 O - a wand of mindburst (10)
Scrolls
 g - a scroll of butterflies
 k - 4 scrolls of blinking
 l - 2 scrolls of fog
 p - a scroll of identify
 q - 5 scrolls of fear
 u - 5 scrolls of teleportation
 w - 2 scrolls of silence
 x - a scroll of magic mapping
 R - 3 scrolls of poison
Potions
 b - a potion of magic {unknown}
 d - 3 potions of might
 e - 5 potions of curing
 f - 4 potions of heal wounds
 i - 3 potions of haste
 j - 6 potions of invisibility
 o - 3 potions of cancellation
 s - 4 potions of resistance
 I - 2 potions of berserk rage
 M - a potion of flight


   Skills:
 * Level 9.8 Fighting
 + Level 10.8 Axes
 - Level 1.0 Throwing
 + Level 7.6 Armour
 + Level 3.7 Dodging
 - Level 0.6 Stealth
 + Level 11.6 Shields
 * Level 9.8 Invocations
 * Level 7.2 Evocations


You had 11 spell levels left.
You didn't know any spells.
Your spell library contained the following spells:

 Spells                   Type           Power      Damage    Failure   Level
 Beastly Appendage        Tmut           0%         N/A       95%         1
 Summon Small Mammal      Summ           0%         N/A       95%         1
 Cigotuvi's Dreadful Rot  Necr/Pois/Air  0%         N/A       99%         2
 Ensorcelled Hibernation  Hex/Ice        0%         N/A       99%         2
 Poisonous Vapours        Pois/Air       0%         N/A       99%         2
 Scorch                   Fire           0%         2d5       99%         2
 Sublimation of Blood     Necr           0%         N/A       99%         2
 Wereblood                Tmut           0%         N/A       99%         2
 Call Canine Familiar     Summ           0%         N/A       100%        3
 Mephitic Cloud           Conj/Pois/Air  0%         N/A       100%        3
 Spider Form              Tmut/Pois      0%         N/A       100%        3
 Summon Guardian Golem    Hex/Summ       0%         N/A       100%        3
 Anguish                  Hex/Necr       0%         N/A       100%        4
 Flame Wave               Conj/Fire      0%         2d4       100%        4
 Summon Cactus Giant      Summ           0%         N/A       100%        6
 Summon Hydra             Summ           0%         N/A       100%        7


Dungeon Overview and Level Annotations

Branches:
Dungeon (14/15)            Temple (1/1) D:5            Lair (0/5) D:10
    Orc (0/2) D:12         Vaults (0/5) D:14          Sewer (visited)
Gauntlet (1/1)

Altars:
Ashenzari
Cheibriados
Dithmenos
Fedhas
Gozag
Hepliaklqana
Kikubaaqudgha
Makhleb
Nemelex Xobeh
Okawaru
Qazlal
Ru
Sif Muna
Vehumet
Xom

Annotations:
Gauntlet 11 transporters, 15 runed translucent doors, exclusions: lightning spire and orange crystal statue


Innate Abilities, Weirdness & Mutations

You have very sharp fingernails.
You are surrounded by a mild repulsion field. (EV +2)
Your demonic aura often causes spilled blood to erupt in flames.
Spells you cast may paralyse adjacent enemies.


Message History

The redback bites you!
* * * LOW HITPOINT WARNING * * *
You are more poisoned.
The redback poisons you!
You feel better.
The redback bites you but does no damage.
The redback is engulfed in blazing flames.
You block the redback's attack. x2
The redback is engulfed in blazing flames.
The redback bites you.
You slice the redback!!
You kill the redback!
Qazlal accepts your kill.
You hit the redback. You block the redback's attack.
The redback is engulfed in blazing flames.
You block the redback's attack. The redback barely misses you.
The redback is engulfed in blazing flames.
The redback bites you!
* * * LOW HITPOINT WARNING * * *
The redback bites you but does no damage.
You closely miss the redback.
The redback is moderately wounded.
You closely miss the redback. The redback barely misses you.
The redback is engulfed in blazing flames.
The redback bites you but does no damage.
The redback barely misses you.
The redback is engulfed in blazing flames.
The redback bites you.
* * * LOW HITPOINT WARNING * * *
You slash the redback!
The redback is severely wounded.
You slash the redback! The redback bites you.
* * * LOW HITPOINT WARNING * * *
You are lethally poisoned!
The redback poisons you!
The redback is engulfed in blazing flames.
The redback bites you!
* * * LOW HITPOINT WARNING * * *
The redback bites you!
You die...

###########################..≈#
#.©.........©.........©.#...###
#...........©...........#...≈#
#########################..###
.......#s.=.©!=..#.........≈#
...§§..#.........#......§§###
#≈#§#..#..#+++#.y#..#≈#≈#§#
#####..#++#...#ss#..#######
#≈..#..+...+.@#..≈#
#####..#..+...+.°#..#######
#≈#§#..#++#+#+#''#..#§#≈#≈#
.......#..+...'..#........###
.......#..+.©.'..#.........≈#
#########################..###
#...........©...........#...≈#
#.©.........©.........©.#...###
###########################..≈#


You could see a moth of wrath and 2 redbacks.

Vanquished Creatures
  A fire dragon (D:14)
  A two-headed ogre (D:10)
  A centaur warrior (D:12)
  2 tengu warriors (D:12)
  Sonja (D:12)
  A shadow wraith (D:14)
  A sixfirhy (Gauntlet)
  An iron troll (D:14)
  A wizard (D:14)
  3 cyclopes
  A wolf spider (Gauntlet)
  2 manticores
  An ugly thing (D:12)
  A gargoyle (D:12)
  2 unseen horrors
  A rime drake (D:10)
  A polar bear (D:10)
  23 slime creatures
  A wyvern (D:10)
  2 wraiths (D:9)
  A vampire (D:12)
  23 yaks
  Eustachio (D:4)
  2 vampire mosquitoes (D:11)
  2 wargs (D:12)
  A redback (Gauntlet)
  Menkaure (D:7)
  2 acid dragons
  3 water moccasins
  4 black bears
  A sky beast (D:7)
  10 ice beasts
  3 ogres
  6 centaurs
  3 boggarts (D:14)
  3 wolves (D:10)
  A kobold brigand (D:9)
  2 bullfrogs
  3 gnoll sergeants
  5 scorpions
  A necrophage (D:4)
  5 wights
  17 killer bees
  A howler monkey (D:7)
  A vampire bat (D:11)
  6 jellies
  4 hounds
  A gnoll bouda (D:10)
  An orc priest (D:9)
  6 iguanas
  3 orc wizards
  16 gnolls
  3 adders
  A river rat (Sewer)
  2 white imps
  6 ufetubi
  5 worms
  3 dart slugs
  12 orcs
  14 ball pythons
  13 endoplasms
  12 giant cockroaches
  8 goblins
  8 hobgoblins
  5 jackals
  7 kobolds
  6 quokkas
  14 bats
  4 frilled lizards
  9 rats
319 creatures vanquished.

Vanquished Creatures (others)
  An ogre (D:4)
  5 toadstools (D:1)
6 creatures vanquished.

Grand Total: 325 creatures vanquished

Notes
Turn   | Place    | Note
-------+----------+-------------------------------------------
     0 | D:1      | jlumianski the Demonspawn Fighter began the quest for the
                  | Orb.
     0 | D:1      | Reached XP level 1. HP: 18/18 MP: 1/1
   168 | D:1      | Gained mutation: You are surrounded by a mild repulsion
                  | field. (EV +2) [demonic ancestry]
   168 | D:1      | Reached XP level 2. HP: 22/24 MP: 2/2
   627 | D:1      | Reached XP level 3. HP: 29/29 MP: 3/3
  1616 | D:4      | Identified a scroll of acquirement
  1620 | D:3      | Acquired a manual of Shields
  1631 | D:3      | Reached skill level 3 in Shields
  1685 | D:4      | Noticed Eustachio
  1710 | D:4      | Killed Eustachio
  1711 | D:4      | Gained mutation: Spells you cast may paralyse adjacent
                  | enemies. [demonic ancestry]
  1711 | D:4      | Reached XP level 4. HP: 11/37 MP: 4/4
  1711 | D:4      | Reached XP level 5. HP: 12/42 MP: 5/5
  1840 | D:4      | Found a glowing drain.
  1861 | Sewer    | Entered a sewer
  1912 | Sewer    | Reached skill level 1 in Dodging
  2129 | Sewer    | Found a viscous altar of Jiyva.
  2169 | Sewer    | Reached XP level 6. HP: 7/48 MP: 6/6
  3612 | D:4      | Reached XP level 7. HP: 55/55 MP: 7/7
  3670 | D:5      | Entered Level 5 of the Dungeon
  3702 | D:4      | Found a shimmering altar of Xom.
  3897 | D:4      | Reached skill level 5 in Axes
  3897 | D:4      | Reached skill level 4 in Shields
  4330 | D:4      | Reached skill level 5 in Shields
  4330 | D:4      | Gained mutation: You have sharp fingernails. [demonic
                  | ancestry]
  4330 | D:4      | Reached XP level 8. HP: 57/61 MP: 8/8
  4341 | D:4      | Reached skill level 5 in Fighting
  4713 | D:5      | Reached skill level 5 in Armour
  4730 | D:5      | Found a staircase to the Ecumenical Temple.
  4752 | Temple   | Entered the Ecumenical Temple
  4919 | Temple   | Became a worshipper of Qazlal Stormbringer
  4983 | D:5      | Reached skill level 6 in Shields
  5042 | D:6      | Reached skill level 1 in Invocations
  5299 | D:5      | Gained mutation: Your demonic aura sometimes causes spilled
                  | blood to erupt in flames. [demonic ancestry]
  5299 | D:5      | Reached XP level 9. HP: 69/69 MP: 10/10
  5366 | D:5      | Noticed Menkaure
  5546 | D:6      | Found a radiant altar of Vehumet.
  5546 | D:6      | Found a hazy altar of Hepliaklqana.
  5678 | D:6      | Reached skill level 1 in Throwing
  6200 | D:7      | Found an ancient bone altar of Kikubaaqudgha.
  6219 | D:7      | Reached skill level 7 in Shields
  6219 | D:7      | Reached skill level 1 in Evocations
  6871 | D:7      | Reached * piety under Qazlal
  7607 | D:7      | Killed Menkaure
  7986 | D:8      | Killed an unseen horror
  7987 | D:8      | Reached skill level 5 in Invocations
  8370 | D:8      | Reached XP level 10. HP: 55/79 MP: 13/13
  8744 | D:8      | Found a blossoming altar of Fedhas.
  8814 | D:8      | Reached skill level 8 in Shields
  8860 | D:10     | Entered Level 10 of the Dungeon
  9143 | D:9      | Acquired the +7 broad axe "Daluko" {antimagic, rF+ Str+4
                  | Stlth+}
  9932 | D:10     | Reached skill level 9 in Shields
  9977 | D:10     | Noticed a two-headed ogre
  9982 | D:10     | Killed a two-headed ogre
 10032 | D:10     | Gained mutation: You have very sharp fingernails. [demonic
                  | ancestry]
 10032 | D:10     | Reached XP level 11. HP: 86/86 MP: 4/16
 10035 | D:10     | Found a staircase to the Lair.
 10040 | D:10     | Reached ** piety under Qazlal
 10142 | D:10     | Identified the ring of the Garden {rElec rPois rCorr SInv
                  | Stlth-}
 10983 | D:11     | Reached skill level 5 in Evocations
 11075 | D:12     | Noticed a purple ugly thing
 11082 | D:12     | Killed a purple ugly thing
 11229 | D:11     | Reached skill level 10 in Shields
 11330 | D:11     | Reached *** piety under Qazlal
 11664 | D:13     | Noticed a deep elf pyromancer
 11669 | D:13     | Noticed a boulder beetle
 11962 | D:12     | Found a staircase to the Orcish Mines.
 12258 | D:12     | Acquired a manual of Armour
 12300 | D:12     | Reached skill level 10 in Axes
 12394 | D:12     | Noticed Sonja
 12406 | D:12     | Killed Sonja
 12407 | D:12     | Gained mutation: Your demonic aura often causes spilled
                  | blood to erupt in flames. [demonic ancestry]
 12407 | D:12     | Reached XP level 12. HP: 53/95 MP: 6/18
 12771 | D:13     | Noticed a tengu warrior
 12772 | D:13     | Noticed a centaur warrior
 12977 | D:11     | Reached skill level 11 in Shields
 13204 | D:13     | Noticed a tengu warrior
 13209 | D:12     | Killed a centaur warrior
 13215 | D:12     | Killed a tengu warrior
 13278 | D:12     | Killed a tengu warrior
 13666 | D:14     | Reached **** piety under Qazlal
 13680 | D:14     | Noticed a fire dragon
 13701 | D:14     | Killed a fire dragon
 13745 | D:14     | Found a gate to the Vaults.
 13824 | D:14     | Found a gate leading to a gauntlet.
 13841 | Gauntlet | Entered a Gauntlet
 13841 | Gauntlet | Found a transporter.
 13841 | Gauntlet | Found a transporter.
 13848 | Gauntlet | Found a transporter.
 13856 | Gauntlet | Found a transporter.
 13858 | Gauntlet | Found a transporter.
 13858 | Gauntlet | Found a transporter.
 13860 | Gauntlet | Found a large runed translucent door.
 13860 | Gauntlet | Found a large runed translucent door.
 13861 | Gauntlet | Found a large runed translucent door.
 13861 | Gauntlet | Found a large runed translucent door.
 13862 | Gauntlet | Found a large runed translucent door.
 13862 | Gauntlet | Found a large runed translucent door.
 13862 | Gauntlet | Found a runed translucent door.
 13862 | Gauntlet | Found a runed translucent door.
 13884 | Gauntlet | Found a transporter.
 13890 | Gauntlet | Found a large runed translucent door.
 13890 | Gauntlet | Found a large runed translucent door.
 13972 | Gauntlet | Found a large runed translucent door.
 13972 | Gauntlet | Found a large runed translucent door.
 13973 | Gauntlet | Found a large runed translucent door.
 13973 | Gauntlet | Found a large runed translucent door.
 13974 | Gauntlet | Found a runed translucent gate.
 13975 | Gauntlet | Found a runed translucent gate.
 13976 | Gauntlet | Found a runed translucent gate.
 13977 | Gauntlet | Found a transporter.
 13980 | Gauntlet | Found a transporter.
 13980 | Gauntlet | Found a transporter.
 14000 | Gauntlet | Found a transporter.
 14014 | Gauntlet | Found a transporter.
 14024 | Gauntlet | Found a transporter.
 14040 | Gauntlet | Found a transporter.
 14055 | Gauntlet | Found a large runed translucent door.
 14056 | Gauntlet | Found a large runed translucent door.
 14057 | Gauntlet | Found a large runed translucent door.
 14057 | Gauntlet | Found a large runed translucent door.
 14285 | Gauntlet | Slain by a redback

Illustrated notes

Levels and vault maps discovered:
D:1:      ldierk_walled_garden, layout_basic, grunt_decor_cap
D:2:      layout_loops_ring, chequers_serial_rivers_large_b,
          palyth_stone_intersect
D:3:      layout_loops_ring
D:4:      layout_loops_cross, xom_confusion_cloud, portal_sewer_entry_e,
          minmay_pentomino_pile, uniq_eustachio
D:5:      layout_cave_pools, minmay_temple_entry_ruins, uniq_menkaure
D:6:      layout_loops_ring, gammafunk_temple_overflow_pools
D:7:      layout_layer_cave, nicolae_overflow_crystal_walls,
          chequers_serial_rivers_micro_a
D:8:      layout_rooms, nicolae_overflow_hidden_temple
D:9:      layout_gridville, hangedman_abyss_or_decor_stagger
D:10:     layout_basic, hellmonk_lair_entry_icy
D:11:     layout_loops_ring, roderic_batcave, elyvilon_altar_3
D:12:     layout_roguey, minmay_orc_entry_guard_dogs, uniq_sonja
D:13:     layout_grid_maze
D:14:     layout_roguey, david_vaults_4, lemuel_blue_sif_altar,
          nicolae_trove_entry_crystal, gauntlet_entry_generic
Temple:   nicolae_temple_slightly_damp_pantheon
Gauntlet: gammafunk_gauntlet_mixed_choke_point
          [minmay_gauntlet_arena_77_tiled_triplets,
          minmay_gauntlet_arena_77_box, minmay_gauntlet_arena_77_checkered,
          minmay_gauntlet_arena_make_your_own_arena,
          minmay_gauntlet_arena_77_braids, minmay_gauntlet_arena_77_mirror,
          minmay_gauntlet_arena_77_double_cross, gauntlet_exit_hidden_loot]

Skill      XL: |  1  2  3  4  5  6  7  8  9 10 11 12 |
---------------+-------------------------------------+-----
Axes           | 2 3 4 5 6 7 8 10 | 10.8
Armour         | 3 4 5 6 7 |  7.6
Shields        | 3 5 6 7 9 10 11 | 11.6
Dodging        | 1 2 3 |  3.7
Fighting       | 4 6 7 9 |  9.8
Invocations    | 2 5 6 8 9 |  9.8
Throwing       | 1 |  1.0
Evocations     | 2 4 6 7 |  7.2
Stealth        | |  0.6

Action                     |  1- 3 |  4- 6 |  7- 9 | 10-12 || total
---------------------------+-------+-------+-------+-------++-------
  Melee: War axe           |   151 |   212 |   316 |    47 ||   726
         Broad axe         |       |       |       |   336 ||   336
  Throw: Dart              |       |       |    14 |     1 ||    15
 Invoke: Upheaval          |       |       |       |     1 ||     1
         Elemental Force   |       |       |       |     1 ||     1
  Evoke: Wand              |       |       |     1 |     3 ||     4
    Use: Scroll            |     9 |     1 |     9 |    11 ||    30
         Potion            |     2 |     2 |     2 |     3 ||     9
 Armour: Scale mail        |    14 |       |       |       ||    14
         Chain mail        |    69 |   109 |   244 |   214 ||   636
         Plate armour      |       |       |       |    76 ||    76
  Dodge: Dodged            |    69 |   116 |   104 |   152 ||   441
  Block: Buckler           |    37 |    43 |       |    46 ||   126
         Tower shield      |       |       |   333 |   432 ||   765

Table legend: (Time is in decaauts)
 A = Elapsed time spent in this place.
 B = Non-inter-level travel time spent in this place.
 C = Inter-level travel time spent in this place.
 D = Time resting spent in this place.
 E = Time spent auto-exploring this place.
 F = Levels seen in this place.
 G = Mean time per level.
                   A        B        C        D        E       F      G
               +--------+--------+--------+--------+--------+-----+--------+
         Total |  14866 |  14502 |    364 |   1452 |   7620 |  17 |  874.5 |
       Dungeon |  13532 |  13169 |    363 |   1136 |   7299 |  14 |  966.6 |
        Temple |    191 |    190 |      1 |      0 |    146 |   1 |  191.0 |
         Sewer |    696 |    696 |      0 |    246 |    175 |   1 |  696.0 |
      Gauntlet |    445 |    445 |      0 |     70 |      0 |   1 |  445.0 |
               +--------+--------+--------+--------+--------+-----+--------+

Top non-repeatable levels by time:
     D:7: 1844 daAuts
    D:12: 1596 daAuts
     D:4: 1481 daAuts
    D:10: 1300 daAuts
     D:8: 1018 daAuts
     D:3: 949 daAuts
     D:2: 872 daAuts
     D:9: 824 daAuts
     D:1: 810 daAuts
     D:6: 774 daAuts
    D:11: 747 daAuts
     D:5: 701 daAuts
   Sewer: 696 daAuts
Gauntlet: 445 daAuts
    D:13: 316 daAuts
